 Dungeon Crawl Stone Soup version 0.29.0-15-g675c0067aa (webtiles) character file.

Game seed: 17217950981957872730

49 magus244 the Chopper (level 3, -7/29 HPs)
             Began as a Demonspawn Chaos Knight on Sept 11, 2022.
             Was a Plaything of Xom.
             Mangled by a guardian serpent (shapeshifter) (18 damage)
             ... on level 2 of the Dungeon.
             The game lasted 00:11:24 (1331 turns).

magus244 the Chopper (Demonspawn Chaos Knight)      Turns: 1331, Time: 00:11:25

Health: -7/29      AC:  5    Str: 14    XL:     3   Next: 51%
Magic:  3/3        EV: 11    Int: 13    God:    Xom [.*....]
Gold:   74         SH:  0    Dex: 12    Spells: 2/2 levels left

rFire   . . .      SeeInvis .   a - +1 hand axe (chaos)
rCold   . . .      Faith    .   (no shield)
rNeg    . . .      Spirit   .   b - +2 leather armour
rPois   .          Reflect  .   (helmet restricted)
rElec   .          Harm     .   (no cloak)
rCorr   .          Rampage  .   (no gloves)
Will    .....                   (no boots)
Stlth   +.........              (no amulet)
HPRegen 0.09/turn               (no ring)
MPRegen 0.08/turn               (no ring)

@: hasted, very quick
A: antennae 1, powered by death 1
a: Renounce Religion


You were on level 2 of the Dungeon.
You worshipped Xom.
You were a plaything of Xom.
You visited 1 branch of the dungeon, and saw 2 of its levels.

You collected 74 gold pieces.

Inventory:

Hand Weapons
 a - a +1 hand axe of chaos (weapon)
 j - a +0 shortbow
Armour
 b - a +2 leather armour (worn)
 e - a +0 helmet
 h - a +0 ring mail
Scrolls
 d - 2 scrolls of identify
Miscellaneous
 c - a piece from Xom's chessboard (15/15) (quivered)


   Skills:
 + Level 3.4 Fighting
 + Level 3.5 Axes
 + Level 2.2 Armour
 + Level 1.0 Dodging


You had 2 spell levels left.
You didn't know any spells.
Your spell library contained the following spells:

 Spells                   Type           Power      Damage    Failure   Level
 Conjure Flame            Conj/Fire      0%         6-21      75%         3
 Ignite Poison            Fire/Tmut/Pois 0%         N/A       75%         3
 Hailstorm                Conj/Ice       0%         3d3       98%         4
 Ice Form                 Ice/Tmut       0%         N/A       98%         4
 Sticky Flame             Conj/Fire      0%         2d3       98%         4
 Simulacrum               Ice/Necr       0%         N/A       100%        6


Dungeon Overview and Level Annotations

Branches:
Dungeon (2/15)

Altars:


Innate Abilities, Weirdness & Mutations

You have a pair of small antennae on your head.
You regenerate a little health from kills.


Message History

Okay, then.
Blink to where?
Press: ? - help, Dir - move target
As you read the scroll of blinking, it crumbles to dust.
It was a potion of haste.
You feel yourself speed up.
As you read the scroll labelled CEUSOTH QOMNER, it crumbles to dust.
Your body is wracked with pain!
* * * LOW HITPOINT WARNING * * *
It was a scroll of torment.
As you read the scroll labelled PUEGRUR QUAXIM, it crumbles to dust.
A profound silence engulfs you.
It was a scroll of silence. "Where it stops, nobody knows!"
Your surroundings suddenly seem different.
Found a scroll of teleportation and a scroll of identify.
Your surroundings suddenly seem different.
A giant cockroach comes into view.
Your surroundings suddenly seem different.
Found 15 gold pieces.
Your surroundings suddenly seem different.
Found a stone staircase leading down.
Your surroundings suddenly seem different.
A goblin comes into view. It is wielding a +0 dagger.
Your surroundings suddenly seem different.
Your surroundings suddenly seem different.
Your surroundings suddenly seem different.
Your surroundings suddenly seem different.
Your surroundings suddenly seem different.
The giant cockroach moves out of view.
The goblin moves out of view.
You start resting.
Xom's power almost touches on you for a moment.
You do an impromptu tapdance.
Your hearing returns.
Your extra speed is starting to run out.
You feel yourself slow down.
A guardian serpent comes into view.
The guardian serpent shouts!
You feel yourself speed up. The guardian serpent hits you!!
Ouch! That really hurt!
You die...
Xom titters!

#.# ### #.# ##.##
###.###.#.##
..#.##.###.#######
#.....##.†.......#
#..........#####.# .#
..........## #.# ..
#.#.###...# #S# ..
#.#.# ##### #@# ..#.#
###.#### ###+#
#......# ##...##
#.#.##.# #.....##
##.#.# # .......##
##..#.#
........####...#.##[
........'............
........####...#.##.#


You could see a guardian serpent.

Vanquished Creatures
  An adder (D:2)
  A dart slug (D:1)
  3 ball pythons (D:1)
  5 endoplasms
  2 giant cockroaches
  2 goblins (D:1)
  4 hobgoblins (D:1)
  3 quokkas (D:1)
  2 bats (D:1)
  5 frilled lizards (D:1)
  4 kobolds (D:1)
  5 rats
37 creatures vanquished.

Notes
Turn   | Place    | Note
-------+----------+-------------------------------------------
     0 | D:1      | magus244 the Demonspawn Chaos Knight began the quest for
                  | the Orb.
     0 | D:1      | Reached XP level 1. HP: 18/18 MP: 1/1
   158 | D:1      | Gained mutation: You have a pair of small antennae on your
                  | head. [demonic ancestry]
   158 | D:1      | Reached XP level 2. HP: 22/24 MP: 2/2
   706 | D:1      | XOM: 5-stop teleportation journey
   786 | D:1      | Gained mutation: You regenerate a little health from kills.
                  | [demonic ancestry]
   786 | D:1      | Reached XP level 3. HP: 26/29 MP: 3/3
   984 | D:1      | XOM: god gift: shortbow {god gift}
  1126 | D:2      | Reached skill level 1 in Dodging
  1224 | D:2      | XOM: scenery: 1 doors open
  1248 | D:2      | Noticed a shapeshifter
  1248 | D:2      | an adder changed into a shapeshifter
  1248 | D:2      | Noticed a guardian serpent
  1248 | D:2      | a shapeshifter changed into a guardian serpent
  1249 | D:2      | Noticed a troll
  1249 | D:2      | a guardian serpent changed into a troll
  1250 | D:2      | Noticed a guardian serpent
  1250 | D:2      | a troll changed into a guardian serpent
  1258 | D:2      | XOM: 10-stop teleportation journey
  1269 | D:2      | XOM: silly message
  1328 | D:2      | Noticed a guardian serpent
  1331 | D:2      | Mangled by a guardian serpent (shapeshifter)

Illustrated notes

Levels and vault maps discovered:
D:1:      lightli_arrival_maybe_door_vault, layout_basic
D:2:      layout_loops_corners, uniq_sigmund

Skill      XL: |  1  2  3 |
---------------+----------+-----
Axes           | 3 |  3.5
Armour         | 2 |  2.2
Dodging        | 1 |  1.0
Fighting       | |  3.4

Action                   || total
-------------------------++-------
Melee: Hand axe          ||   100
       Punch             ||     1
  Use: Scroll            ||    10
       Potion            ||     3
Armor: Leather armour    ||    32
Dodge: Dodged            ||    66
